 Dungeon Crawl Stone Soup version 0.17-a0-1927-g319369b (webtiles) character file.

71 DecibelRebel the Shooter (level 4, 0/29 HPs)
             Began as a High Elf Hunter on Sept 29, 2015.
             Slain by LordVetinari's ghost (6 damage)
             ... on level 3 of the Dungeon.
             The game lasted 00:09:37 (2769 turns).

DecibelRebel the Shooter (High Elf Hunter)          Turns: 2769, Time: 00:09:37

Health: 0/29       AC:  6    Str: 11    XL:     4   Next: 5%
Magic:  5/5        EV: 10    Int: 14    God:
Gold:   165        SH:  4    Dex: 17    Spells: 0 memorised, 3 levels left

rFire  + . .     SeeInvis .     t - -3 dagger (curse)
rCold  + . .     Clarity  .     j - +0 ring mail
rNeg   . . .     SustAt   .     l - +0 buckler
rPois  +         Gourm    .     (no helmet)
rElec  +         Spirit   .     (no cloak)
rCorr  +         Warding  .     s - +0 pair of gloves
rMut   .         Stasis   .     (no boots)
MR     .....                    (no amulet)
Stlth  +.........               (no ring)
                                (no ring)

@: resistant, not resistant to hostile enchantments, very unstealthy
A: no striking features
a: no special abilities


You were on level 3 of the Dungeon.
You were very hungry.

You visited 1 branch of the dungeon, and saw 3 of its levels.

You collected 165 gold pieces.

Inventory:

Hand weapons
 a - a +1 shortbow
 c - a +0 short sword
 t - a cursed -3 dagger (weapon)
Missiles
 b - 12 arrows
 g - 4 arrows of frost
Armour
 d - a +0 leather armour
 j - a +0 ring mail (worn)
 l - a +0 buckler (worn)
 s - a +0 pair of gloves (worn)
Scrolls
 i - 3 scrolls of immolation
 k - a scroll of identify
Potions
 f - a potion of resistance
 m - a potion of brilliance
 p - a potion of poison
Comestibles
 e - 3 bread rations
 h - a royal jelly
 n - a slice of pizza
 q - 2 chunks of flesh
 r - a beef jerky


   Skills:
 - Level 2.0 Fighting
 * Level 7.4 Bows
 - Level 2.1 Dodging
 - Level 1.1 Stealth


You had 3 spell levels left.
You didn't know any spells.

Dungeon Overview and Level Annotations

Branches:
Dungeon (3/15)

Altars:
Nemelex Xobeh

Annotations:
D:3 LordVetinari's ghost, average DEWz


Message History

You are feeling very hungry.
You hit LordVetinari's ghost but do no damage.
LordVetinari's ghost points at you and mumbles some strange words.
The magic dart hits you!
LordVetinari's ghost casts a spell.
LordVetinari's ghost blinks!
LordVetinari's ghost wails, "I have seen your future, and it is all used up."
LordVetinari's ghost casts a spell.
LordVetinari's ghost blinks!
LordVetinari's ghost hits you but does no damage.
Space warps horribly around you!
* * * LOW HITPOINT WARNING * * *
You are too injured to fight recklessly!
You are too injured to fight recklessly!
Drink which item? (? for menu, Esc to quit)
Okay, then.
You hit LordVetinari's ghost.
LordVetinari's ghost is lightly damaged.
LordVetinari's ghost hits you.
You die...

#### #.## ##### #.# ....# #.#
.##.# #.#
.##.###.#######################
........#.......#......#......#
###.#####.#####.#.####.#.####.#
###.# #.#####.#.####.#.####.#
....# #.......@..........##.#
##### #<.####W#.####.#.#.##.#
## #..####.#.####.#.#.##.# .#
#..W....#.)....#......# .#
####.###############.#### .#
#.W......#########...#
.######.####.#.##.....##.###
.....##.####.#........##.######
...........#.#........##[.)...#


You could see LordVetinari's ghost.

Vanquished Creatures
  An ooze (D:2)
  A worm (D:3)
  4 giant geckos
  An orc (D:2)
  8 bats
  3 goblins
  8 hobgoblins
  2 quokkas
  A ball python (D:2)
  8 giant cockroaches
  3 giant newts
  5 jackals (D:2)
  5 kobolds
  6 rats
56 creatures vanquished.

Notes
Turn   | Place    | Note
--------------------------------------------------------------
     0 | D:1      | DecibelRebel the High Elf Hunter began the quest for the Orb.
     0 | D:1      | Reached XP level 1. HP: 14/14 MP: 2/2
     4 | D:1      | Noticed a spriggan zombie
     7 | D:1      | Noticed a formicid zombie
    11 | D:1      | Noticed an elf zombie
    13 | D:1      | Noticed a human zombie
    13 | D:1      | Noticed a vine stalker zombie
    15 | D:1      | Noticed a centaur zombie
    19 | D:1      | Noticed a centaur zombie
    19 | D:1      | Noticed a troll zombie
    23 | D:1      | Noticed a centaur zombie
   326 | D:1      | Reached XP level 2. HP: 19/19 MP: 3/3
   341 | D:1      | Reached skill level 6 in Bows
  1010 | D:2      | Reached XP level 3. HP: 24/24 MP: 4/4
  1378 | D:2      | Found a sparkling altar of Nemelex Xobeh.
  1543 | D:2      | Reached skill level 7 in Bows
  2567 | D:3      | Reached XP level 4. HP: 27/29 MP: 5/5
  2744 | D:3      | Noticed LordVetinari's ghost (average DEWz)
  2769 | D:3      | Slain by LordVetinari's ghost

Vault maps used:
D:1:      shiori_arrival_whats_in_store_for_you, minmay_bisected
D:2:      first_bread, hangedman_abyss_or_decor_stabs, nemelex_dance_club_becter

Action                   |  1- 3 |  4- 6 || total
-------------------------+-------+-------++-------
Melee: Short sword       |   142 |       ||   142
       Dagger            |   105 |    45 ||   150
 Fire: Shortbow          |    28 |       ||    28
  Use: Scroll            |     8 |       ||     8
       Potion            |     1 |     2 ||     3
 Stab: Sleeping          |     3 |       ||     3
  Eat: Chunk             |     6 |       ||     6
